 Dungeon Crawl Stone Soup version 0.26-a0-610-g3e9335bbc7 (webtiles) character file.

Game seed: 17749270656285827853

526 GeoCrane the Cudgeler (level 7, 0/68 HPs)
             Began as a Troll Berserker on Sept 4, 2020.
             Was a Priest of Trog.
             Slain by a hornet (14 damage)
             ... on level 4 of the Dungeon.
             The game lasted 00:08:43 (3211 turns).

GeoCrane the Cudgeler (Troll Berserker)             Turns: 3211, Time: 00:08:43

Health: 0/68       AC:  9    Str: 28    XL:     7   Next: 2%
Magic:  6/6        EV: 11    Int: 11    God:    Trog [***...]
Gold:   295        SH:  0    Dex:  9    Spells: 6/6 levels left

rFire    x . .     SeeInvis .   v - +0 giant spiked club
rCold    . . .     Faith    .   (shield currently unavailable)
rNeg     . . .     Spirit   .   w - +3 robe of Mezcal {rPois rF- Int+8}
rPois    +         Reflect  .   (helmet restricted)
rElec    .         Harm     .   (no cloak)
rCorr    .                      (gloves unavailable)
MR       .....                  (boots unavailable)
Stlth    +.........             (no amulet)
HPRegen  0.61/turn              (no ring)
MPRegen  0.10/turn              (no ring)

@: lethally poisoned (0 -> -7)
A: large, unfitting armour, claws 3, regeneration 1, shaggy fur 1, tough skin 3
a: Berserk, Trog's Hand, Renounce Religion


You were on level 4 of the Dungeon.
You worshipped Trog.
Trog was most pleased with you.
You visited 2 branches of the dungeon, and saw 5 of its levels.

You collected 295 gold pieces.

Inventory:

Hand Weapons
 a - a +1 mace
 v - a +0 giant spiked club (weapon)
Missiles
 u - 21 poisoned darts (quivered)
Armour
 b - a +0 animal skin
 w - the +3 robe of Mezcal (worn) {rPois rF- Int+8}
   (You found it on level 4 of the Dungeon)

   It affects your intelligence (+8).
   It makes you vulnerable to fire.
   It protects you from poison.
Jewellery
 t - an uncursed amulet of inaccuracy
Wands
 j - a wand of iceblast (6)
 s - a wand of flame (14)
Scrolls
 c - 3 scrolls of identify
 d - 3 scrolls of enchant weapon
 f - a scroll of remove curse
 g - 2 scrolls of teleportation {unknown}
 k - 2 scrolls of random uselessness
 m - a scroll of fog {unknown}
 n - 2 scrolls of magic mapping {unknown}
 p - a scroll of enchant armour {unknown}
 q - a scroll of fear {unknown}
Potions
 e - 2 potions of heal wounds
 h - 2 potions of brilliance
 i - a potion of might {unknown}
 l - a potion of curing {unknown}
 o - a potion of cancellation {unknown}
 r - 2 potions of stabbing {unknown}


   Skills:
 + Level 3.9 Fighting
 * Level 5.5 Maces & Flails
 + Level 3.9 Dodging


You had 6 spell levels left.
You didn't know any spells.
Your spell library was empty.

Dungeon Overview and Level Annotations

Branches:
Dungeon (4/15)             Temple (1/1) D:4

Altars:
Ashenzari
Cheibriados
Dithmenos
Elyvilon
Fedhas
Gozag
Makhleb
Nemelex Xobeh
Okawaru
Ru
Sif Muna
Trog
Uskayaw
Xom
Yredelemnul
Zin
The Shining One


Innate Abilities, Weirdness & Mutations

You are too large for most types of armour.
You have claws for hands.
Your natural rate of healing is unusually fast.
You are covered in fur. (AC +1)
You have extremely tough skin. (AC +3)


Message History

The hornet barely misses you.
You bludgeon the hornet!!
The hornet is severely wounded.
The hornet stings you.
You suddenly lose the ability to move!
The hornet stings you. The hornet stings you!
You feel yourself slow down. The hornet stings you! The hornet stings you!!
* * * LOW HITPOINT WARNING * * *
You are poisoned.
You can move again.
You miss the hornet.
The hornet is severely wounded.
You feel yourself speed up.
You feel sick. The hornet stings you.
* * * LOW HITPOINT WARNING * * *
You are more poisoned.
The hornet stings you!
* * * LOW HITPOINT WARNING * * *
The hornet stings you!
You die...

.##.####.######≈≈≈#####≈≈≈#####.>
..............#≈≈≈≈≈≈≈≈≈≈≈#.#....
.##.####.######≈≈≈≈≈≈≈≈≈≈≈#.#....
.##.# #.# #≈≈≈≈≈≈≈≈≈≈≈#.#....
.##.####.##################.'....
..............<.......# ###....
............##.#.##..## #....
............##.#y##..# #....
.......)....[...@##..########....
.......)....####.##..#.....#####.
....####.#######.##..#.....# ##
.##.####.............'.....+
.........##########.##.....#
....###### #.##.....# #####
#.##.....# #.######## #....#


You could see a hornet.

Vanquished Creatures
  An ogre (D:4)
  Blork the orc (D:4)
  A howler monkey (D:3)
  A centaur skeleton (D:4)
  3 orc priests (D:4)
  Natasha (twice) (D:2)
  6 adders
  A gnoll (D:1)
  A white imp (D:3)
  An ooze (D:3)
  A worm (D:2)
  A dart slug (D:3)
  A leopard gecko (D:4)
  10 orcs
  4 ball pythons
  7 giant cockroaches
  3 hobgoblins
  8 jackals
  A quokka (D:3)
  10 bats
  5 frilled lizards
  4 goblins
  7 kobolds
  8 rats
88 creatures vanquished.

Vanquished Creatures (others)
  A fungus (D:4)
  7 plants (D:4)
8 creatures vanquished.

Grand Total: 96 creatures vanquished

Notes
Turn   | Place    | Note
-------+----------+-------------------------------------------
     0 | D:1      | GeoCrane the Troll Berserker began the quest for the Orb.
     0 | D:1      | Reached XP level 1. HP: 22/22 MP: 0/0
   242 | D:1      | Reached skill level 3 in Maces & Flails
   259 | D:1      | Reached XP level 2. HP: 29/29 MP: 1/1
   385 | D:1      | Found a sparkling altar of Nemelex Xobeh.
   841 | D:1      | Reached XP level 3. HP: 36/36 MP: 2/2
   926 | D:2      | Noticed Natasha
   930 | D:2      | Killed Natasha
   930 | D:2      | Reached ** piety under Trog
  1124 | D:2      | Reached XP level 4. HP: 39/44 MP: 3/3
  1237 | D:2      | Noticed Natasha
  1254 | D:2      | Killed Natasha
  1456 | D:3      | Reached skill level 4 in Maces & Flails
  1648 | D:3      | Reached XP level 5. HP: 47/53 MP: 4/4
  1793 | D:3      | Found a shattered altar of Ashenzari.
  1832 | D:3      | Found a white marble altar of Elyvilon.
  1985 | D:3      | Found a blossoming altar of Fedhas.
  2046 | D:3      | Found a glowing golden altar of the Shining One.
  2113 | D:3      | Reached *** piety under Trog
  2225 | D:4      | Noticed a hornet
  2474 | D:4      | Reached XP level 6. HP: 55/61 MP: 5/5
  2520 | D:4      | Reached skill level 5 in Maces & Flails
  2673 | D:4      | Got a faintly glowing robe
  2684 | D:4      | Identified the +3 robe of Mezcal {rPois rF- Int+8} (You
                  | found it on level 4 of the Dungeon)
  2709 | D:4      | Noticed Blork the orc
  2735 | D:4      | Killed Blork the orc
  2909 | D:4      | Found a staircase to the Ecumenical Temple.
  2920 | Temple   | Entered the Ecumenical Temple
  3127 | D:4      | Reached XP level 7. HP: 68/68 MP: 6/6
  3163 | D:4      | Found a sacrificial altar of Ru.
  3208 | D:4      | Paralysed by a hornet for 3 turns
  3211 | D:4      | Slain by a hornet

Illustrated notes

Levels and vault maps discovered:
D:1:      erik_arrival_cave_to_civilisation [erik_arrival_cave_to_hall],
          layout_basic, nemelex_altar_shiori
D:2:      layout_basic, uniq_natasha
D:3:      minmay_bubble_buster, layout_basic, lemuel_coloured_pillars_altar,
          cheibrodos_ashenzari_chains, old_standard_altar, tso_altar
D:4:      layout_basic, minmay_temple_entry_poolview,
          nicolae_ru_the_path_less_chosen, uniq_blork_the_orc
Temple:   dshaligram_water_room_temple

Skill      XL: |  1  2  3  4  5  6 |
---------------+-------------------+-----
Maces & Flails | 3 4 5 |  5.5
Fighting       | 3 |  3.9
Dodging        | 3 |  3.9

Action                   |  1- 3 |  4- 6 |  7- 9 || total
-------------------------+-------+-------+-------++-------
Melee: Mace              |    98 |   201 |       ||   299
       Giant spiked club |       |    21 |     8 ||    29
Invok: Berserk           |       |     1 |       ||     1
  Use: Potion            |       |     2 |       ||     2
       Scroll            |       |     4 |       ||     4
 Stab: Sleeping          |       |     1 |       ||     1
Armor: Animal skin       |    51 |    98 |       ||   149
       Robe              |       |     4 |     5 ||     9
Dodge: Dodged            |    70 |   144 |     3 ||   217

Table legend: (Time is in decaauts)
 A = Elapsed time spent in this place.
 B = Non-inter-level travel time spent in this place.
 C = Inter-level travel time spent in this place.
 D = Time resting spent in this place.
 E = Time spent auto-exploring this place.
 F = Levels seen in this place.
 G = Mean time per level.
                   A        B        C        D        E       F      G
               +--------+--------+--------+--------+--------+-----+--------+
         Total |   3296 |   3150 |    146 |      0 |   2484 |   5 |  659.2 |
       Dungeon |   3163 |   3040 |    123 |      0 |   2375 |   4 |  790.8 |
        Temple |    132 |    109 |     23 |      0 |    109 |   1 |  132.0 |
               +--------+--------+--------+--------+--------+-----+--------+

Top non-repeatable levels by time:
     D:1: 920 daAuts
     D:4: 913 daAuts
     D:3: 847 daAuts
     D:2: 482 daAuts
  Temple: 132 daAuts
